 Dungeon Crawl Stone Soup version 0.31-a0-466-g98c9adc2b6 (webtiles) character file.

Game seed: 10990298114697540743

1484842 gruber the Hoplite (level 27, 114/220 HPs)
             Began as a Gnoll Ice Elementalist on July 24, 2023.
             Was the Champion of Okawaru.
             Escaped with the Orb
             ... and 3 runes on Aug 5, 2023!
             The game lasted 03:32:32 (89268 turns).

gruber the Hoplite (Gnoll Ice Elementalist)        Turns: 89268, Time: 03:32:32

Health: 114/220    AC: 27    Str: 28      XL:     27
Magic:  23/55      EV: 21    Int: 31 (32) God:    Okawaru [******]
Gold:   5936       SH: 18    Dex: 15      Spells: 36/64 levels left

rFire   + + .        B - +3 Elemental Staff {ele, rElec rF+ rC+ AC+3}
rCold   + + .        e - +1 kite shield of Hyaz Hazetz {rN+ Will+++ Int-2 Stlth+}
rNeg    + + .        E - +1 ring mail of the Wilderness {rPois Dex+3 Stlth-}
rPois   +            d - +3 crown of Dyrovepreva {rElec Int+2 SInv}
rElec   +            I - +0 cloak of Ashryonaor {Fly rF+ Will- Str+8}
rCorr   +            c - +1 pair of gloves "Baytoc" {+Inv Str+3}
SInv    +            O - +1 pair of boots of Insurance {rC+ Int+6}
Will    +++++        C - amulet of magic regeneration
Stlth   ++           S - +4 ring of protection
HPRegen 0.56/turn    Z - ring of Qamao {rN+ Will+ rCorr MP+9 Str+6}
MPRegen 0.74/turn

%: no passive effects
@: finesse-ful, flying, studying 2 skills
A: fangs 1, strong nose, distributed training, clumsy 1, deterioration 1,
mutation resistance 1, strong 1, no potion heal 1, inability to drink after
injury 1
0: Orb of Zot
}: 3/15 runes: barnacled, slimy, gossamer
a: Renounce Religion, Evoke Invisibility, Heroism, Finesse, Duel


You escaped.
You worshipped Okawaru.
Okawaru was exalted by your worship.
You visited 12 branches of the dungeon, and saw 55 of its levels.
You also visited: Volcano and Wizlab.

You collected 7803 gold pieces.
You spent 1867 gold pieces at shops.

Inventory:

Hand Weapons
 g - the +9 sword of Zonguldrok {reap}
   (You found it in a wizard's laboratory)
 y - the +4 consecrated labrys {holy, Valiant Fragile Fly SInv}
   (You found it on level 5 of the Pits of Slime)

   Valiant:   It becomes more powerful as more dangerous foes come into view.
   SInv:      It lets you see invisible.
   Fly:       It grants you flight.
   Fragile:   It will be destroyed if unequipped.
 B - the +3 Elemental Staff (weapon) {ele, rElec rF+ rC+ AC+3}
   (You found it on level 14 of the Dungeon)

   AC:        It affects your AC (+3).
   rF:        It protects you from fire.
   rC:        It protects you from cold.
   rElec:     It insulates you from electricity.
Missiles
 L - 11 throwing nets
 X - 4 curare-tipped darts
Armour
 c - the +1 pair of gloves "Baytoc" (worn) {+Inv Str+3}
   (Okawaru gifted it to you on level 5 of the Lair of Beasts)

   Str:       It affects your strength (+3).
   +Inv:      It lets you turn invisible.
 d - the +3 crown of Dyrovepreva (worn) {rElec Int+2 SInv}
   (You acquired it on level 12 of the Dungeon)

   Int:       It affects your intelligence (+2).
   rElec:     It insulates you from electricity.
   SInv:      It lets you see invisible.
 e - the +1 kite shield of Hyaz Hazetz (worn) {rN+ Will+++ Int-2 Stlth+}
   (Okawaru gifted it to you on level 4 of the Vaults)

   Int:       It affects your intelligence (-2).
   rN:        It protects you from negative energy.
   Will:      It greatly increases your willpower.
   Stlth:     It makes you more stealthy.
 E - the +1 ring mail of the Wilderness (worn) {rPois Dex+3 Stlth-}
   (You found it on level 3 of the Spider Nest)

   Dex:       It affects your dexterity (+3).
   rPois:     It protects you from poison.
   Stlth:     It makes you less stealthy.
 I - the +0 cloak of Ashryonaor (worn) {Fly rF+ Will- Str+8}
   (You found it on level 3 of the Crypt)

   Str:       It affects your strength (+8).
   rF:        It protects you from fire.
   Fly:       It grants you flight.
   Will:      It decreases your willpower.
 O - the +1 pair of boots of Insurance (worn) {rC+ Int+6}
   (Okawaru gifted it to you on level 2 of the Lair of Beasts)

   Int:       It affects your intelligence (+6).
   rC:        It protects you from cold.
Jewellery
 C - an amulet of magic regeneration (around neck)
 R - a ring of protection from cold
 S - a +4 ring of protection (left hand)
 Z - the ring of Qamao (right hand) {rN+ Will+ rCorr MP+9 Str+6}
   (You took it off a deep elf high priest on level 3 of the Elven Halls)

   [ring of magical power]

   Str:       It affects your strength (+6).
   rN:        It protects you from negative energy.
   MP:        It affects your magic capacity (+9).
   rCorr:     It protects you from acid and corrosion.
   Will:      It increases your willpower.
Wands
 a - a wand of paralysis (54)
 t - a wand of quicksilver (4)
 F - a wand of mindburst (34)
 K - a wand of flame (102)
 P - a wand of polymorph (12)
 Q - a wand of iceblast (33)
 U - a wand of digging (15)
Scrolls
 f - 18 scrolls of teleportation
 h - 5 scrolls of blinking
 k - 8 scrolls of fog
 l - 6 scrolls of revelation
 m - 2 scrolls of enchant weapon
 p - 11 scrolls of fear
 q - 8 scrolls of poison
 u - 13 scrolls of immolation
 x - 2 scrolls of enchant armour
 H - 3 scrolls of summoning
 T - 2 scrolls of silence
Potions
 b - 6 potions of magic
 i - 28 potions of curing
 j - 9 potions of might
 n - 9 potions of ambrosia
 o - 6 potions of brilliance
 r - 9 potions of attraction
 s - 3 potions of cancellation
 v - 11 potions of heal wounds
 w - 4 potions of invisibility
 z - 2 potions of lignification
 D - 3 potions of resistance
 G - 9 potions of haste
 J - 9 potions of enlightenment
 N - 6 potions of berserk rage
Miscellaneous
 A - a condenser vane (inert)
 W - a phial of floods


   Skills:
 + Level 18.8 Fighting
 + Level 18.8 Short Blades
 + Level 18.8 Long Blades
 + Level 18.8 Axes
 + Level 18.8 Maces & Flails
 + Level 18.8 Polearms
 + Level 18.8 Staves
 + Level 18.8 Ranged Weapons
 + Level 18.8 Throwing
 + Level 18.8 Armour
 + Level 19.2 Dodging
 + Level 19.2 Stealth
 + Level 23.8 Shields
 + Level 18.8 Unarmed Combat
 + Level 19.3 Spellcasting
 + Level 16.0 Conjurations
 + Level 16.0 Hexes
 + Level 16.0 Summonings
 + Level 16.0 Necromancy
 + Level 16.0 Translocations
 + Level 16.0 Transmutations
 + Level 16.0 Fire Magic
 + Level 17.3 Ice Magic
 + Level 16.0 Air Magic
 + Level 16.0 Earth Magic
 + Level 16.0 Poison Magic
 + Level 23.2 Invocations
 + Level 18.8 Evocations
 + Level 16.0 Shapeshifting


You had 36 spell levels left.
You knew the following spells:

 Your Spells              Type           Power      Damage    Failure   Level
a - Freeze                Ice            100%       1d10      0%          1
b - Frozen Ramparts       Ice            100%       1d16      0%          3
c - Ozocubu's Armour      Ice            100%       N/A       0%          3
d - Airstrike             Air            57%        2d(9-25)  1%          4
e - Borgnjor's Vile Clut  Necr/Erth      57%        N/A       1%          5
f - Leda's Unmaking       Conj/Erth      57%        9d9       1%          6
g - Plasma Beam           Fire/Air       69%        2x1d85    1%          6

Your spell library contained the following spells:

 Spells                   Type           Power      Damage    Failure   Level
 Apportation              Tloc           100%       N/A       0%          1
 Kiss of Death            Conj/Necr      100%       2d13      0%          1
 Shock                    Conj/Air       100%       1d9       0%          1
 Sting                    Tmut/Pois      100%       1d8       0%          1
 Blink                    Tloc           100%       N/A       0%          2
 Cigotuvi's Dreadful Rot  Necr/Pois/Air  100%       N/A       0%          2
 Ensorcelled Hibernation  Hex/Ice        100%       N/A       0%          2
 Lesser Beckoning         Tloc           100%       N/A       0%          2
 Momentum Strike          Conj/Tloc      100%       3d10      0%          2
 Passwall                 Tmut/Erth      95%        N/A       0%          2
 Poisonous Vapours        Pois/Air       100%       N/A       0%          2
 Scorch                   Fire           100%       2d9       0%          2
 Sublimation of Blood     Necr           92%        N/A       0%          2
 Confusing Touch          Hex            92%        N/A       0%          3
 Dazzling Flash           Conj/Hex       100%       N/A       0%          3
 Gell's Gravitas          Tloc           92%        N/A       0%          3
 Ignite Poison            Fire/Tmut/Pois 100%       N/A       0%          3
 Inner Flame              Hex/Fire       100%       N/A       0%          3
 Mephitic Cloud           Conj/Pois/Air  100%       N/A       0%          3
 Portal Projectile        Hex/Tloc       100%       N/A       0%          3
 Stone Arrow              Conj/Erth      100%       3d13      0%          3
 Swiftness                Air            100%       N/A       0%          3
 Teleport Other           Tloc           92%        N/A       0%          3
 Vampiric Draining        Necr           92%        2d12      0%          3
 Vhi's Electric Charge    Tloc/Air       100%       N/A       0%          3
 Volatile Blastmotes      Fire/Tloc      100%       2d18      0%          3
 Dispel Undead            Necr           92%        3d29      1%          4
 Iskenderun's Mystic Bla  Conj/Tloc      92%        2d18      1%          4
 Leda's Liquefaction      Hex/Erth       57%        N/A       1%          4
 Olgreb's Toxic Radiance  Pois           92%        N/A       1%          4
 Petrify                  Tmut/Erth      100%       N/A       1%          4
 Sticky Flame             Conj/Fire      100%       2d11      1%          4
 Alistair's Intoxication  Tmut/Pois      61%        N/A       1%          5
 Arcjolt                  Conj/Air       57%        1d67      1%          5
 Freezing Cloud           Conj/Ice/Air   69%        6-21      1%          5
 Irradiate                Conj/Tmut      46%        3d27      1%          5
 Iskenderun's Battlesphe  Conj           92%        2d14      1%          5
 Dispersal                Tloc           46%        N/A       1%          6
 Eringya's Noxious Bog    Tmut/Pois      46%        4d6       1%          6
 Starburst                Conj/Fire      57%        6d15      1%          6
 Ozocubu's Refrigeration  Ice            58%        4d20      1%          7
 Lehudib's Crystal Spear  Conj/Erth      57%        10d13     16%         8
 Maxwell's Capacitive Co  Air            57%        ∞         16%         8
 Death's Door             Necr           46%        N/A       94%         9
 Fire Storm               Conj/Fire      57%        8d14      94%         9
 Call Canine Familiar     Summ           Unusable   N/A       N/A         3
 Tukima's Dance           Hex            Unusable   N/A       N/A         3
 Animate Armour           Summ/Erth      Unusable   N/A       N/A         4
 Summon Ice Beast         Ice/Summ       Unusable   N/A       N/A         4
 Death Channel            Necr           Unusable   N/A       N/A         6
 Simulacrum               Ice/Necr       Unusable   N/A       N/A         6
 Haunt                    Necr/Summ      Unusable   N/A       N/A         7
 Spellforged Servitor     Conj/Summ      Unusable   N/A       N/A         7
 Infestation              Necr           Unusable   N/A       N/A         8

Dungeon Overview and Level Annotations

Branches:
Dungeon (15/15)            Temple (1/1) D:4            Lair (5/5) D:10
 Shoals (4/4) Lair:3       Spider (4/4) Lair:2        Slime (5/5) Lair:5
    Orc (2/2) D:12            Elf (3/3) Orc:2        Vaults (4/5) D:13
  Crypt (3/3) Vaults:3       Tomb (0/3) Crypt:3      Depths (4/4) D:15
    Zot (5/5) Depths:4    Volcano (visited)          WizLab (visited)

Altars:
Ashenzari
Cheibriados
Dithmenos
Elyvilon
Fedhas
Gozag
Hepliaklqana
Kikubaaqudgha
Makhleb
Nemelex Xobeh
Okawaru
Qazlal
Ru
Sif Muna
Trog
Uskayaw
Vehumet
Wu Jian
Xom
Yredelemnul
Zin
The Shining One
Jiyva
Lugonu

Shops:
D:4 !   D:6 *   D:12 :   Orc:2 *::::   Elf:1 *   Elf:3 [   Shoals:4 !
Vaults:3 [   Vaults:4 (   Depths:2 [   Depths:3 ::   Depths:4 *

Portals:
Hell: Depths:1 Depths:2 Depths:3 Depths:4
Abyss: Lair:5 Zot:1 Depths:3 Depths:4
Pandemonium: Depths:2 Depths:4
Ziggurat: Depths:4

Annotations:
D:8 2 runed translucent doors, Jano's ghost, novice OpSh
D:14 2 runed translucent doors
Lair:1 3 runed translucent doors, Vorhees's ghost, journeyman GnHu
Lair:4 2 transporters
Shoals:2 3 runed translucent doors, Axuaf's ghost, adept OgEE
Spider:2 3 runed translucent doors, ASDFQWER's ghost, adept HOMo; Lureetou's ghost, journeyman MiBe
Elf:2 2 transporters, Ontoju Zobb's ghost, adept FeSu
Zot:1 2 transporters, qborf's ghost, veteran TrSh


Innate Abilities, Weirdness & Mutations

You have very sharp teeth.
Your uncanny sense of smell can sniff out nearby items.
Your experience applies equally to all skills.
You are clumsy. (Dex -2)
Your body sometimes deteriorates upon taking damage.
You are somewhat resistant to further mutation.
Your muscles are strong. (Str +4, Int/Dex -1)
Potions are less effective at restoring your health.
You occasionally lose the ability to drink potions when taking damage.


Message History

Unknown command.
Unknown command.
Casting: Plasma Beam (mildly dangerous; 1% risk of failure)
Confirm with . or Enter, or press ? or * to list all spells.
Casting: Plasma Beam (mildly dangerous; 1% risk of failure)
Press: ? - help, Dir - look around, f - activate You feel a strong surge of power!
The bolt of lightning hits the demonspawn corrupter!!!
You kill the demonspawn corrupter!
Okawaru accepts your kill.
You feel your dexterity returning.
A neqoxec comes into view.
Unknown command.
Unknown command.
Casting: Plasma Beam (mildly dangerous; 1% risk of failure)
Confirm with . or Enter, or press ? or * to list all spells.
Casting: Plasma Beam (mildly dangerous; 1% risk of failure)
Press: ? - help, Dir - look around, f - activate You feel a strong surge of power!
The bolt of lightning hits the neqoxec!!
The neqoxec is severely wounded.
The fiery plasma hits the neqoxec.
The neqoxec is almost dead.
Unknown command.
Unknown command.
Casting: Plasma Beam (mildly dangerous; 1% risk of failure)
Confirm with . or Enter, or press ? or * to list all spells.
Casting: Plasma Beam (mildly dangerous; 1% risk of failure)
Press: ? - help, Dir - look around, f - activate You feel a strong surge of power!
The bolt of lightning hits the neqoxec!!!
You kill the neqoxec!
Okawaru accepts your kill.
Unknown command.
Unknown command.
Things that are here:
a +0 demon whip; a +0 scale mail; a +0 buckler Your magical contamination has completely faded away.
There is a staircase leading out of the dungeon here.
You have escaped!

#############
###>~~~≈≈≈~≈~>####
#.##..≈~≈~~..##...
#@.###.~≈~.###....
#....###~###....>.
##.....#'#.....#..
##...).......##..
###.......####..
###...### #..
#######'## #.#
#........# #.#
#........# #.#


There were no monsters in sight!

Vanquished Creatures
  the Royal Jelly (Slime:5)
  5 orbs of fire
  3 dread liches (Zot:5)
  3 ancient liches
  Mara (Vaults:4)
  A juggernaut (Depths:4)
  A royal mummy (Crypt:3)
  Vv (Zot:3)
  Josephina (Crypt:1)
  6 Killer Klowns (Zot:5)
  Bai Suzhen (Vaults:2)
  A curse toe (Zot:4)
  Saint Roka (Vaults:3)
  A pandemonium lord (Zot:5)
  A caustic shrike (Depths:3)
  5 golden dragons
  Nikola (Spider:4)
  Arachne (Spider:4)
  A Brimstone Fiend (D:2)
  2 electric golems (Zot:5)
  A Tzitzimitl (Zot:5)
  17 tentacled monstrosities
  Jorgrun (Orc:2)
  A titan (Vaults:3)
  A walking earthen tome (Depths:3)
  2 liches
  27 Orb Guardians
  5 quicksilver dragons
  A deep elf blademaster (Elf:3)
  Asterion (Depths:2)
  An Executioner (D:9)
  4 death cobs
  6 ancient champions
  24 acid blobs
  4 sphinxes
  Frances (Shoals:1)
  Kirke (D:12)
  2 shadow dragons (Depths:4)
  Gastronok (Lair:2)
  A tengu reaver (Vaults:3)
  3 draconian monks
  10 storm dragons
  15 rockslimes
  2 revenants
  2 daevas (Depths:4)
  2 draconian knights
  15 azure jellies
  Aizul (Vaults:4)
  An iron dragon (Depths:3)
  9 deep elf sorcerers
  5 frost giants
  14 vault wardens
  2 fire giants (Depths:3)
  6 draconian scorchers
  4 emperor scorpions
  Louise (Depths:3)
  4 draconian shifters
  8 ghost moths
  3 spriggan defenders (Depths:4)
  2 curse skulls
  3 angels
  5 draconian stormcallers
  A demonspawn corrupter (D:1)
  2 orc warlords
  A deep elf elementalist (Elf:3)
  10 ironbound preservers
  3 reapers
  4 draconian annihilators
  10 formless jellyfish
  8 green draconians
  7 quicksilver oozes
  11 ironbound thunderhulks
  2 war gargoyles
  2 ghouls
  10 stone giants
  7 very ugly things
  11 vampire knights
  9 white draconians
  6 deep elf demonologists
  Azrael (Elf:1)
  23 dire elephants
  7 black draconians
  13 purple draconians
  6 deep elf annihilators
  6 spark wasps
  12 red draconians
  6 yellow draconians
  An acid blob zombie (Crypt:3)
  2 blizzard demons
  6 deep elf death magi
  3 eidola
  A crystal guardian (Vaults:3)
  5 merfolk impalers
  4 ettins
  2 merfolk javelineers (Shoals:1)
  Snorg (D:11)
  A green death (D:14)
  2 mummy priests (Crypt:3)
  7 entropy weavers
  11 yaktaur captains
  9 fire dragons
  3 deep elf high priests
  2 peacekeepers
  2 spriggan zombies
  7 hydras
  9 great orbs of eyes
  A rakshasa (D:15)
  Harold (D:10)
  Erolcha (D:12)
  17 vault guards
  3 jiangshi (Crypt:2)
  3 ice dragons
  4 ogre magi
  2 merfolk avatars
  A catoblepas (Lair:5)
  3 centaur warriors
  9 ironbound frosthearts
  4 merfolk aquamancers
  4 spriggan air magi
  2 radroaches (Spider:3)
  3 satyrs (Shoals:4)
  An alligator snapping turtle (Shoals:2)
  2 death knights
  2 boulder beetles
  14 death yaks
  28 dancing weapons
  8 demonic crawlers
  12 two-headed ogres
  6 deep troll shamans
  5 tengu warriors
  A hell hog (Depths:1)
  10 deep troll earth magi
  4 vampire magi
  3 thrashing horrors (Lair:5)
  2 soul eaters
  23 deep elf knights
  2 spriggan berserkers (Depths:4)
  8 hell knights
  A sun moth (Spider:4)
  2 fire crabs
  5 skysharks
  7 pharaoh ants
  2 salamander mystics (Depths:3)
  2 sixfirhies (Depths:2)
  6 sun demons (Depths:1)
  11 sea snakes
  4 shadow wraiths
  27 skeletal warriors
  13 iron trolls
  Lodul (D:13)
  An anaconda zombie (Crypt:2)
  A shadow demon (D:1)
  2 orb spiders (shapeshifter)
  9 bog bodies
  50 deep trolls
  7 deep elf archers
  7 orb spiders
  Pikel (D:4)
  5 glowing orange brains
  A fenstrider witch simulacrum (Crypt:1)
  An obsidian statue (Zot:5)
  An orange crystal statue (Zot:5)
  2 spriggan simulacra
  4 flayed ghosts
  A golden dragon skeleton (Crypt:3)
  21 ironbound convokers
  8 wizards
  11 lindwurms
  2 steelbarb worms
  7 necromancers
  12 phantasmal warriors
  12 harpies
  An orc sorcerer (Orc:1)
  31 deep elf pyromancers
  2 orc knights
  26 deep elf zephyrmancers
  7 large abominations
  35 ugly things
  3 shining eyes
  2 oklob plants (Shoals:3)
  24 wolf spiders
  27 fauns
  13 manticores
  5 salamanders (Depths:3)
  9 cyclopes
  A salamander (shapeshifter) (Vaults:3)
  12 elephants
  25 moths of wrath
  10 merfolk sirens
  A sphinx skeleton (Crypt:3)
  27 vault sentinels
  2 rust devils
  5 black mambas
  5 molten gargoyles
  Maurice (D:12)
  A formless jellyfish zombie (Crypt:3)
  7 water nymphs
  12 cane toads
  A smoke demon (Depths:2)
  6 eyes of devastation
  8 torpor snails
  A naga mage (D:15)
  A grey draconian zombie (Crypt:1)
  An eye of devastation (shapeshifter) (Vaults:3)
  A cane toad (shapeshifter) (D:13)
  A sea snake zombie (Crypt:1)
  3 gargoyles
  4 hellions
  A steelbarb worm zombie (Crypt:1)
  2 rime drakes (Lair:5)
  An orange demon (Depths:2)
  9 komodo dragons
  43 yaktaurs
  2 bunyip simulacra (Crypt:1)
  5 tengu conjurers
  An efreet (Zot:2)
  A tormentor (D:12)
  5 freezing wraiths
  4 ice devils
  2 red devils (Depths:2)
  A human skeleton (Vaults:1)
  A polar bear (Lair:4)
  36 guardian mummies (Crypt:3)
  2 hellwings
  26 merfolk
  14 trolls
  9 hornets
  6 wind drakes
  6 meliai
  3 harpy skeletons (Crypt:1)
  Grinder (D:5)
  4 snapping turtles
  24 tarantellas
  15 blink frogs (Lair:5)
  A tarantella zombie (Crypt:1)
  A culicivora zombie (Crypt:2)
  A dream sheep (shapeshifter) (Lair:5)
  2 ice dragon zombies
  9 dream sheep
  A frost giant simulacrum (Vaults:1)
  2 raiju (Lair:5)
  A boulder beetle zombie (Crypt:3)
  29 culicivoras
  25 jumping spiders
  Sigmund (D:6)
  A black mamba zombie (Crypt:2)
  A fire dragon skeleton (Crypt:2)
  21 flying skulls
  A jumping spider (shapeshifter) (Vaults:2)
  2 shadows (D:12)
  16 water elementals
  An air elemental (Elf:3)
  An alligator skeleton (Crypt:1)
  109 slime creatures
  11 ushabtiu (Crypt:3)
  5 wraiths
  7 spriggans
  5 wyverns
  2 ynoxinuls
  2 dire elephant simulacra (Crypt:1)
  An ettin skeleton (Crypt:1)
  48 yaks
  7 hogs (D:12)
  10 small abominations (Lair:5)
  8 vampires
  31 fire elementals
  5 vampire mosquitoes
  13 golden eyes
  5 basilisks
  8 humans (D:13)
  3 chaos spawn (Lair:5)
  4 fire bats (Volcano)
  2 steam dragons
  A redback (shapeshifter) (Lair:5)
  53 redbacks
  4 wargs
  3 neqoxecs
  Edmund (D:6)
  2 elf simulacra
  2 acid dragons
  A deep troll zombie (Crypt:1)
  6 two-headed ogre zombies (WizLab)
  12 hell hounds
  A floating eye (Depths:1)
  8 water moccasins
  A demonspawn skeleton (Crypt:3)
  A faun skeleton (Crypt:2)
  24 orc warriors
  A black bear (D:4)
  3 ice beasts
  3 sky beasts
  12 wolves (Lair:1)
  4 boggarts
  32 ogres
  11 centaurs
  A phantom (D:6)
  A dream sheep skeleton (Crypt:1)
  A swamp dragon skeleton (Crypt:1)
  2 lemures (D:4)
  2 kobold brigands (D:12)
  Blork the orc (D:4)
  2 necrophages (Crypt:1)
  A gnoll sergeant (D:12)
  11 bullfrogs
  5 earth elementals
  3 scorpions
  14 wights
  6 troll zombies
  A polar bear skeleton (Crypt:2)
  16 killer bees
  6 howler monkeys
  8 lava snakes
  5 hounds
  2 jellies
  18 orc priests
  A gnoll bouda (D:7)
  8 iguanas
  10 orc wizards
  2 sleepcaps
  4 yak simulacra (Lair:4)
  2 wolf simulacra (Lair:4)
  5 polar bear simulacra (Lair:4)
  7 ogre zombies (WizLab)
  A tengu skeleton (Crypt:2)
  A hound zombie (Crypt:2)
  12 mummies (Crypt:3)
  11 gnolls
  8 adders
  A white imp (D:5)
  An ufetubus (D:5)
  A lava snake zombie (Crypt:3)
  73 orcs
  5 bats
  2 endoplasms
  3 giant cockroaches
  3 goblins
  6 hobgoblins
  8 kobolds
  4 quokkas
  6 ball pythons
  8 frilled lizards
  A hobgoblin zombie (Crypt:2)
  A quokka skeleton (Crypt:3)
  2 quokka zombies
  5 rats
  2 spectral weapons (Depths:2)
2393 creatures vanquished.

Vanquished Creatures (others)
  2 draconian knights
  A vault guard (D:13)
  An ironbound convoker (Vaults:2)
  2 jumping spiders
  A culicivora (Spider:4)
  4 redbacks (Spider:4)
  A butterfly (Depths:1)
12 creatures vanquished.

Grand Total: 2405 creatures vanquished

Notes
Turn   | Place    | Note
-------+----------+-------------------------------------------
     0 | D:1      | gruber the Gnoll Ice Elementalist began the quest for the
                  | Orb.
     0 | D:1      | Reached XP level 1. HP: 13/13 MP: 6/6
   118 | D:1      | Reached XP level 2. HP: 16/19 MP: 3/7
   654 | D:2      | Reached skill level 5 in Spellcasting
   654 | D:2      | Reached XP level 3. HP: 25/25 MP: 1/9
   671 | D:2      | Reached skill level 1 in Invocations
   955 | D:2      | Reached skill level 1 in Fighting
   955 | D:2      | Reached skill level 1 in Short Blades
   955 | D:2      | Reached skill level 1 in Long Blades
   955 | D:2      | Reached skill level 1 in Axes
   955 | D:2      | Reached skill level 1 in Maces & Flails
   955 | D:2      | Reached skill level 1 in Polearms
   955 | D:2      | Reached skill level 1 in Staves
   955 | D:2      | Reached skill level 1 in Ranged Weapons
   955 | D:2      | Reached skill level 1 in Throwing
   955 | D:2      | Reached skill level 1 in Armour
   955 | D:2      | Reached skill level 1 in Shields
   955 | D:2      | Reached skill level 1 in Unarmed Combat
   955 | D:2      | Reached skill level 1 in Evocations
   987 | D:2      | Found a shadowy altar of Dithmenos.
  1000 | D:2      | Learned a level 3 spell: Frozen Ramparts
  1153 | D:2      | Reached XP level 4. HP: 19/32 MP: 6/11
  1514 | D:3      | Reached skill level 1 in Conjurations
  1514 | D:3      | Reached skill level 1 in Hexes
  1514 | D:3      | Reached skill level 1 in Summonings
  1514 | D:3      | Reached skill level 1 in Necromancy
  1514 | D:3      | Reached skill level 1 in Translocations
  1514 | D:3      | Reached skill level 1 in Transmutations
  1514 | D:3      | Reached skill level 1 in Fire Magic
  1514 | D:3      | Reached skill level 1 in Air Magic
  1514 | D:3      | Reached skill level 1 in Earth Magic
  1514 | D:3      | Reached skill level 1 in Poison Magic
  1514 | D:3      | Reached skill level 1 in Shapeshifting
  1716 | D:3      | Reached XP level 5. HP: 37/37 MP: 12/12
  2024 | D:3      | Found a faded altar of an unknown god.
  2120 | D:3      | Found a glowing golden altar of the Shining One.
  2238 | D:4      | Found a stormy altar of Qazlal.
  2258 | D:4      | Reached XP level 6. HP: 44/44 MP: 9/13
  2339 | D:4      | Reached skill level 5 in Dodging
  2526 | D:4      | Found a staircase to the Ecumenical Temple.
  2530 | D:4      | Noticed Blork the orc
  2545 | D:4      | Killed Blork the orc
  2616 | Temple   | Found a transporter.
  2616 | Temple   | Found a transporter.
  2616 | Temple   | Found a transporter.
  2616 | Temple   | Found a transporter.
  2616 | Temple   | Entered the Ecumenical Temple
  2645 | Temple   | Became a worshipper of Warmaster Okawaru
  2718 | D:4      | Noticed Pikel
  2743 | D:4      | Killed Pikel
  2743 | D:4      | Reached * piety under Okawaru
  2743 | D:4      | Reached ** piety under Okawaru
  2744 | D:4      | Reached skill level 5 in Stealth
  2744 | D:4      | Reached XP level 7. HP: 52/52 MP: 4/15
  2744 | D:4      | Reached XP level 8. HP: 58/58 MP: 4/16
  2847 | D:4      | Found Muhyir's Distillery.
  2957 | D:4      | Learned a level 3 spell: Ozocubu's Armour
  3246 | D:5      | Entered Level 5 of the Dungeon
  3309 | D:5      | Noticed Grinder
  3330 | D:5      | Killed Grinder
  3895 | D:5      | Reached *** piety under Okawaru
  4045 | D:5      | Reached XP level 9. HP: 42/65 MP: 18/18
  4289 | D:5      | Found a hide-covered altar of Uskayaw.
  4415 | D:6      | Found Nueplill's General Store.
  4514 | D:6      | Noticed Edmund
  4530 | D:6      | Killed Edmund
  5230 | D:6      | Noticed Sigmund
  5252 | D:6      | Killed Sigmund
  5252 | D:6      | Reached **** piety under Okawaru
  5253 | D:6      | Reached skill level 5 in Invocations
  5441 | D:6      | Found a shimmering blue altar of Sif Muna.
  5610 | D:6      | Found an ornate altar of the Wu Jian Council.
  6968 | D:7      | Reached XP level 10. HP: 73/73 MP: 13/20
  6972 | D:7      | Received a gift from Okawaru
  7148 | D:7      | Reached skill level 5 in Fighting
  7148 | D:7      | Reached skill level 5 in Short Blades
  7148 | D:7      | Reached skill level 5 in Long Blades
  7148 | D:7      | Reached skill level 5 in Axes
  7148 | D:7      | Reached skill level 5 in Maces & Flails
  7148 | D:7      | Reached skill level 5 in Polearms
  7148 | D:7      | Reached skill level 5 in Staves
  7148 | D:7      | Reached skill level 5 in Ranged Weapons
  7148 | D:7      | Reached skill level 5 in Throwing
  7148 | D:7      | Reached skill level 5 in Armour
  7148 | D:7      | Reached skill level 5 in Shields
  7148 | D:7      | Reached skill level 5 in Unarmed Combat
  7148 | D:7      | Reached skill level 5 in Evocations
  8448 | D:8      | Found a large runed translucent door.
  8448 | D:8      | Found a large runed translucent door.
  8780 | D:8      | Noticed Jano's ghost (novice OpSh)
  8788 | D:8      | Learned a level 4 spell: Airstrike
  8927 | D:9      | Found a hazy altar of Hepliaklqana.
  8927 | D:9      | Found an ancient bone altar of Kikubaaqudgha.
  9389 | D:9      | Learned a level 5 spell: Borgnjor's Vile Clutch
  9743 | D:9      | Noticed a deep elf pyromancer
  9762 | D:9      | Killed a deep elf pyromancer
  9762 | D:9      | Reached ***** piety under Okawaru
  9762 | D:9      | Received a gift from Okawaru
  9866 | D:9      | Identified the +2 chain mail of Fun and Games {rF+ Slay+2}
                  | (Okawaru gifted it to you on level 9 of the Dungeon)
  9866 | D:9      | Received a gift from Okawaru
  9873 | D:9      | Reached XP level 11. HP: 64/81 MP: 13/22
 10102 | D:10     | Entered Level 10 of the Dungeon
 10112 | D:10     | Reached skill level 5 in Conjurations
 10112 | D:10     | Reached skill level 5 in Hexes
 10112 | D:10     | Reached skill level 5 in Summonings
 10112 | D:10     | Reached skill level 5 in Necromancy
 10112 | D:10     | Reached skill level 5 in Translocations
 10112 | D:10     | Reached skill level 5 in Transmutations
 10112 | D:10     | Reached skill level 5 in Fire Magic
 10112 | D:10     | Reached skill level 5 in Air Magic
 10112 | D:10     | Reached skill level 5 in Earth Magic
 10112 | D:10     | Reached skill level 5 in Poison Magic
 10112 | D:10     | Reached skill level 5 in Shapeshifting
 10355 | D:10     | Noticed a death yak
 10753 | D:10     | Noticed a death yak
 10786 | D:10     | Killed a death yak
 11130 | D:10     | Noticed a death yak
 11159 | D:10     | Killed a death yak
 11282 | D:10     | Noticed a death yak
 11282 | D:10     | Noticed a death yak
 11284 | D:10     | Noticed a death yak
 11285 | D:10     | Noticed a death yak
 11438 | D:10     | Noticed a death yak
 11442 | D:10     | Killed a death yak
 11567 | D:10     | Found a staircase to the Lair.
 11753 | D:10     | Noticed Harold
 11764 | D:10     | Killed Harold
 12138 | D:10     | Killed a death yak
 12293 | D:10     | Killed a death yak
 12299 | D:10     | Killed a death yak
 12303 | D:10     | Killed a death yak
 12307 | D:10     | Killed a death yak
 12307 | D:10     | Received a gift from Okawaru
 12308 | D:10     | Reached XP level 12. HP: 58/91 MP: 3/24
 12652 | D:11     | Noticed Snorg
 12789 | D:11     | Noticed a two-headed ogre
 12797 | D:11     | Killed a two-headed ogre
 12797 | D:11     | Received a gift from Okawaru
 13027 | D:11     | Killed Snorg
 13998 | D:12     | Found Zas Worph's Book Shop.
 14000 | D:12     | Noticed Erolcha
 14019 | D:12     | Killed Erolcha
 14173 | D:12     | Noticed Kirke
 14188 | D:12     | Killed Kirke
 14605 | D:12     | Reached ****** piety under Okawaru
 14724 | D:12     | Reached XP level 13. HP: 98/98 MP: 14/26
 14903 | D:12     | Identified 2 scrolls of acquirement
 14913 | D:12     | Acquired the +3 kite shield "Fura" {Dex+3 Stlth-}
 14914 | D:12     | Acquired the +3 crown of Dyrovepreva {rElec Int+2 SInv}
 14914 | D:12     | Found the +3 crown of Dyrovepreva {rElec Int+2 SInv}
 14955 | D:12     | Identified the +6 scale mail "Ytudegh" {Harm rElec MP+9}
                  | (Okawaru gifted it to you on level 12 of the Dungeon)
 14955 | D:12     | Received a gift from Okawaru
 15143 | D:12     | Found a staircase to the Orcish Mines.
 15232 | D:12     | Noticed Maurice
 15236 | D:12     | Killed Maurice
 15754 | D:13     | Killed a vault guard
 15827 | D:13     | Reached skill level 10 in Ice Magic
 15902 | D:13     | Identified the +0 scale mail of Dokhleato {rC++ Str+2
                  | Dex-2}
 16298 | D:13     | Noticed Lodul
 16306 | D:13     | Killed Lodul
 16544 | D:13     | Noticed a vault guard
 16544 | D:13     | Noticed a vault guard
 16560 | D:13     | Killed a vault guard
 16561 | D:13     | Killed a vault guard
 16597 | D:13     | Noticed a vault guard
 16609 | D:13     | Killed a vault guard
 16613 | D:13     | Reached skill level 10 in Spellcasting
 16718 | D:13     | Found a gate to the Vaults.
 16855 | D:13     | Received a gift from Okawaru
 17100 | Lair:1   | Entered Level 1 of the Lair of Beasts
 17396 | Lair:1   | Found a runed translucent gate.
 17398 | Lair:1   | Found a runed translucent gate.
 17400 | Lair:1   | Found a runed translucent gate.
 17400 | Lair:1   | Noticed Vorhees's ghost (journeyman GnHu)
 18044 | Lair:2   | Identified the +1 pair of boots of Insurance {rC+ Int+6}
                  | (Okawaru gifted it to you on level 2 of the Lair of Beasts)
 18044 | Lair:2   | Received a gift from Okawaru
 18219 | Lair:2   | Reached skill level 10 in Dodging
 18463 | Lair:2   | Noticed Gastronok
 18488 | Lair:2   | Killed Gastronok
 18579 | Lair:2   | Reached XP level 14. HP: 106/106 MP: 11/28
 18677 | Lair:2   | Reached skill level 10 in Stealth
 18762 | Lair:2   | Found a hole to the Spider Nest.
 19427 | Lair:3   | Reached skill level 10 in Invocations
 19969 | Lair:3   | Found a staircase to the Shoals.
 20573 | Lair:3   | Received a gift from Okawaru
 20726 | Lair:4   | Found a transporter.
 20728 | Lair:4   | Found a transporter.
 20779 | Lair:4   | Received a gift from Okawaru
 20950 | Lair:4   | Received a gift from Okawaru
 21873 | Lair:4   | Identified the +5 plate armour "Vodem" {Dex+5} (Okawaru
                  | gifted it to you on level 4 of the Lair of Beasts)
 21873 | Lair:4   | Received a gift from Okawaru
 22208 | Lair:5   | Entered Level 5 of the Lair of Beasts
 22718 | Lair:5   | Reached XP level 15. HP: 82/115 MP: 18/30
 22978 | Lair:5   | Found a viscous altar of Jiyva.
 22978 | Lair:5   | Found a staircase to the Slime Pits.
 23251 | Lair:5   | Reached skill level 10 in Fighting
 23251 | Lair:5   | Reached skill level 10 in Short Blades
 23251 | Lair:5   | Reached skill level 10 in Long Blades
 23251 | Lair:5   | Reached skill level 10 in Axes
 23251 | Lair:5   | Reached skill level 10 in Maces & Flails
 23251 | Lair:5   | Reached skill level 10 in Polearms
 23251 | Lair:5   | Reached skill level 10 in Staves
 23251 | Lair:5   | Reached skill level 10 in Ranged Weapons
 23251 | Lair:5   | Reached skill level 10 in Throwing
 23251 | Lair:5   | Reached skill level 10 in Armour
 23251 | Lair:5   | Reached skill level 10 in Shields
 23251 | Lair:5   | Reached skill level 10 in Unarmed Combat
 23251 | Lair:5   | Reached skill level 10 in Evocations
 23669 | Lair:5   | Received a gift from Okawaru
 23966 | Lair:5   | Identified the +1 pair of gloves "Baytoc" {+Inv Str+3}
                  | (Okawaru gifted it to you on level 5 of the Lair of Beasts)
 23966 | Lair:5   | Received a gift from Okawaru
 24127 | Lair:5   | Found a corrupted altar of Lugonu.
 24127 | Lair:5   | Found a one-way gate to the infinite horrors of the Abyss.
 24474 | Orc:1    | Entered Level 1 of the Orcish Mines
 24739 | Orc:2    | Entered Level 2 of the Orcish Mines
 24832 | Orc:2    | Noticed Jorgrun
 24880 | Orc:2    | Killed Jorgrun
 25023 | Orc:1    | Found a dark tunnel.
 25032 | Volcano  | Entered a volcano
 25449 | Volcano  | Found a radiant altar of Vehumet.
 25977 | Orc:2    | Found Jeagg's Self-Improvement Boutique.
 26404 | Orc:2    | Found Moxie's Book Emporium.
 26404 | Orc:2    | Found Cymyarur's Book Emporium.
 26405 | Orc:2    | Found a staircase to the Elven Halls.
 26496 | Orc:2    | Bought a manual of Shields for 800 gold pieces
 26505 | Orc:2    | Found Zeoghakh's Book Shop.
 26516 | Orc:2    | Found Witafatwipp's General Store.
 26523 | Orc:2    | Paralysed by an ogre mage for 4 turns
 26766 | Orc:1    | Received a gift from Okawaru
 27107 | D:14     | Reached XP level 16. HP: 123/124 MP: 15/31
 27303 | D:14     | Identified the +1 cloak of Okawaru's Whim {Harm *Slow Fly
                  | rElec} (Okawaru gifted it to you on level 14 of the
                  | Dungeon)
 27303 | D:14     | Received a gift from Okawaru
 27490 | D:14     | Found a large runed translucent door.
 27490 | D:14     | Found a large runed translucent door.
 27550 | D:14     | Identified the +4 ice dragon scales "Ycoiviom" {Harm
                  | *Corrode rPois rF- rC++ Str+4}
 27550 | D:14     | Found the +3 Elemental Staff {rElec rF+ rC+ AC+3}
 28208 | D:15     | Entered Level 15 of the Dungeon
 28293 | D:15     | Found a staircase to the Depths.
 29027 | D:15     | Found a shadowy altar of Dithmenos.
 29188 | D:15     | Identified the +0 ring mail of Boredom {rPois MP-9 Slay+2}
 29590 | Spider:1 | Entered Level 1 of the Spider Nest
 30139 | Spider:1 | Identified the +3 robe "Ruhac" {Str+5 Int+2} (Okawaru
                  | gifted it to you on level 1 of the Spider Nest)
 30139 | Spider:1 | Received a gift from Okawaru
 32079 | Spider:2 | Reached XP level 17. HP: 131/131 MP: 25/33
 32196 | Spider:2 | Found a runed translucent gate.
 32196 | Spider:2 | Found a runed translucent gate.
 32196 | Spider:2 | Found a runed translucent gate.
 32367 | Spider:2 | Noticed ASDFQWER's ghost (adept HOMo)
 32368 | Spider:2 | Noticed Lureetou's ghost (journeyman MiBe)
 33116 | Spider:3 | Identified the quicksilver dragon scales of Trial and Error
                  | {*Corrode rF+++ rN+++ Will+ Str-4} (Okawaru gifted it to
                  | you on level 3 of the Spider Nest)
 33116 | Spider:3 | Received a gift from Okawaru
 33138 | Spider:3 | Identified the +1 ring mail of the Wilderness {rPois Dex+3
                  | Stlth-}
 33921 | Spider:3 | Reached skill level 10 in Conjurations
 33921 | Spider:3 | Reached skill level 10 in Hexes
 33921 | Spider:3 | Reached skill level 10 in Summonings
 33921 | Spider:3 | Reached skill level 10 in Necromancy
 33921 | Spider:3 | Reached skill level 10 in Translocations
 33921 | Spider:3 | Reached skill level 10 in Transmutations
 33921 | Spider:3 | Reached skill level 10 in Fire Magic
 33921 | Spider:3 | Reached skill level 10 in Air Magic
 33921 | Spider:3 | Reached skill level 10 in Earth Magic
 33921 | Spider:3 | Reached skill level 10 in Poison Magic
 33921 | Spider:3 | Reached skill level 10 in Shapeshifting
 34105 | Spider:4 | Entered Level 4 of the Spider Nest
 34269 | Spider:4 | Noticed Nikola
 35812 | Spider:4 | Identified the +0 ring mail of the Insatiable Realms
                  | {Dex+3}
 35838 | Spider:4 | Killed Nikola
 36840 | Spider:4 | Noticed Arachne
 36935 | Spider:4 | Killed Arachne
 37269 | Spider:4 | Identified the +0 buckler "Azekodd" {Fly rF+ Str-2}
                  | (Okawaru gifted it to you on level 4 of the Spider Nest)
 37269 | Spider:4 | Received a gift from Okawaru
 37450 | Spider:4 | Reached XP level 18. HP: 110/140 MP: 16/35
 37669 | Spider:4 | Got a gossamer rune of Zot
 38030 | Shoals:1 | Entered Level 1 of the Shoals
 38531 | Shoals:1 | Noticed Frances
 38619 | Shoals:1 | Killed Frances
 40071 | Shoals:2 | Found a runed translucent gate.
 40072 | Shoals:2 | Found a runed translucent gate.
 40073 | Shoals:2 | Found a runed translucent gate.
 40137 | Shoals:2 | Noticed Axuaf's ghost (adept OgEE)
 40717 | Shoals:3 | Identified the ring "Sececk" {Ice Str-2 Dex+4}
 41489 | Shoals:4 | Entered Level 4 of the Shoals
 41523 | Shoals:4 | Received a gift from Okawaru
 41590 | Shoals:4 | Found Reh Herr's Distillery.
 41693 | Shoals:4 | Found the +2 cloak of the Thief {*Fog Slay-2 SInv Stlth+}
 41826 | Shoals:4 | Identified the ring "Wist" {rElec rC- Str+6 Dex+3 Stlth+}
 41884 | Shoals:4 | Received a gift from Okawaru
 42283 | Shoals:4 | Got a barnacled rune of Zot
 42418 | Shoals:4 | Identified the +1 arbalest "Yttu" {flame, Fragile Int+4}
 42798 | Shoals:4 | Reached XP level 19. HP: 149/149 MP: 23/36
 43366 | Vaults:1 | Entered Level 1 of the Vaults
 43467 | Vaults:1 | Reached skill level 15 in Shields
 43470 | Vaults:1 | Received a gift from Okawaru
 43825 | Vaults:1 | Identified the +2 robe of Fisid {Rampage *Corrode rElec
                  | Stlth+}
 44049 | Vaults:1 | Received a gift from Okawaru
 45992 | Vaults:2 | HP: 5/150 [dire elephant (4)]
 46815 | Vaults:2 | Received a gift from Okawaru
 46991 | Vaults:2 | Received a gift from Okawaru
 47079 | Vaults:2 | Noticed Bai Suzhen
 47115 | Vaults:2 | Killed Bai Suzhen
 47515 | Vaults:3 | Reached XP level 20. HP: 158/158 MP: 29/38
 47619 | Vaults:3 | Found Riyrchoxt's Armour Boutique.
 48199 | Vaults:3 | Reached skill level 15 in Invocations
 48280 | Vaults:3 | Found a staircase to the Crypt.
 48409 | Vaults:3 | Received a gift from Okawaru
 48426 | Vaults:3 | Noticed Saint Roka
 49505 | Vaults:3 | Killed Saint Roka
 49505 | Vaults:3 | Received a gift from Okawaru
 50115 | Vaults:3 | Received a gift from Okawaru
 50144 | Vaults:3 | Reached skill level 15 in Spellcasting
 50673 | Vaults:3 | Identified the +2 scale mail of Life {rC+}
 50761 | Vaults:3 | Identified the +8 hand axe of Ysosis {heavy, Str+2 Stlth+}
 50831 | Vaults:3 | Identified the +9 dagger "Ygicixt" {freeze, Str+5} (Okawaru
                  | gifted it to you on level 3 of the Vaults)
 50831 | Vaults:3 | Received a gift from Okawaru
 50903 | Vaults:4 | Found Soomm's Antique Weapon Shoppe.
 50921 | Vaults:4 | Noticed Mara
 51409 | Vaults:4 | Reached skill level 15 in Dodging
 51488 | Vaults:4 | Reached XP level 21. HP: 166/166 MP: 28/40
 51790 | Vaults:3 | Received a gift from Okawaru
 51920 | Vaults:4 | Noticed gruber's illusion
 51982 | Vaults:4 | Noticed Aizul
 52062 | Vaults:4 | Killed Mara
 52063 | Vaults:4 | Reached skill level 15 in Stealth
 52195 | Vaults:4 | Received a gift from Okawaru
 52224 | Vaults:4 | Killed Aizul
 52349 | Vaults:4 | Received a gift from Okawaru
 52789 | Vaults:4 | Identified the +1 kite shield of Hyaz Hazetz {rN+ Will+++
                  | Int-2 Stlth+} (Okawaru gifted it to you on level 4 of the
                  | Vaults)
 52789 | Vaults:4 | Received a gift from Okawaru
 52988 | Vaults:4 | Bought a scorched flail for 306 gold pieces
 52988 | Vaults:4 | Identified the +7 flail of Exchange {heavy, *Rage rF+ rC+
                  | Dex+2} (You bought it in a shop on level 4 of the Vaults)
 54110 | Depths:1 | Entered Level 1 of the Depths
 54265 | Depths:1 | Found a gateway to Hell.
 54418 | Depths:1 | Learned a level 6 spell: Leda's Unmaking
 54940 | Depths:1 | Identified the +5 rapier "Nafit" {protect, rElec rF+ rC+}
 55217 | Depths:1 | Found a white marble altar of Elyvilon.
 55898 | Depths:2 | Noticed Asterion
 55908 | Depths:2 | Killed Asterion
 55997 | Depths:2 | Received a gift from Okawaru
 56034 | Depths:2 | Found Saat's Antique Armour Shop.
 56083 | Depths:2 | Bought a masterwork helmet for 446 gold pieces
 56083 | Depths:2 | Identified the +0 helmet of Yceph {rC+ Int+2} (You bought
                  | it in a shop on level 2 of the Depths)
 56243 | Depths:2 | Reached skill level 15 in Fighting
 56243 | Depths:2 | Reached skill level 15 in Short Blades
 56243 | Depths:2 | Reached skill level 15 in Long Blades
 56243 | Depths:2 | Reached skill level 15 in Axes
 56243 | Depths:2 | Reached skill level 15 in Maces & Flails
 56243 | Depths:2 | Reached skill level 15 in Polearms
 56243 | Depths:2 | Reached skill level 15 in Staves
 56243 | Depths:2 | Reached skill level 15 in Ranged Weapons
 56243 | Depths:2 | Reached skill level 15 in Throwing
 56243 | Depths:2 | Reached skill level 15 in Armour
 56243 | Depths:2 | Reached skill level 15 in Unarmed Combat
 56243 | Depths:2 | Reached skill level 15 in Evocations
 56321 | Depths:2 | Found a one-way gate leading to the halls of Pandemonium.
 56570 | Depths:2 | Reached XP level 22. HP: 175/175 MP: 26/41
 56677 | Depths:2 | Got the Codex of the Dragon
 57122 | Depths:2 | Learned a level 6 spell: Plasma Beam
 57302 | Depths:3 | Noticed Louise
 57306 | Depths:3 | Killed Louise
 57330 | Depths:3 | Received a gift from Okawaru
 57591 | Depths:3 | Acquired 983 gold pieces
 57611 | Depths:3 | Received a gift from Okawaru
 57727 | Depths:3 | Received a gift from Okawaru
 57974 | Depths:3 | Found Raroluv's Book Shoppe.
 57982 | Depths:3 | Found Raroluv's Book Emporium.
 58187 | Depths:3 | Noticed a caustic shrike
 58196 | Depths:3 | Killed a caustic shrike
 58196 | Depths:3 | Received a gift from Okawaru
 58358 | Depths:3 | Noticed a golden dragon
 58371 | Depths:3 | Killed a golden dragon
 59038 | Depths:4 | Entered Level 4 of the Depths
 59038 | Depths:4 | Found a one-way gateway to a ziggurat.
 59038 | Depths:4 | Identified the +0 tower shield of the Cockatrice {Will+
                  | rCorr}
 60596 | Depths:4 | Noticed a juggernaut
 60613 | Depths:4 | Killed a juggernaut
 60613 | Depths:4 | Received a gift from Okawaru
 60845 | Depths:4 | Found Teahor's Blood Bar.
 60896 | Depths:4 | Reached XP level 23. HP: 183/183 MP: 18/43
 60968 | Depths:4 | Received a gift from Okawaru
 61043 | Depths:4 | Reached skill level 15 in Ice Magic
 61076 | Depths:4 | Received a gift from Okawaru
 61202 | Depths:4 | Found a gate to the Realm of Zot.
 61994 | Elf:1    | Entered Level 1 of the Elven Halls
 62340 | Elf:1    | Noticed Azrael
 62365 | Elf:1    | Identified the +0 pair of boots "Quunil Edghups" {-Tele
                  | Int+5} (Okawaru gifted it to you on level 1 of the Elven
                  | Halls)
 62365 | Elf:1    | Received a gift from Okawaru
 62366 | Elf:1    | Killed Azrael
 62827 | Elf:1    | Found Wylu's General Store.
 63342 | Elf:2    | Found a transporter.
 63351 | Elf:2    | Noticed Ontoju Zobb's ghost (adept FeSu)
 63379 | Elf:2    | Found a transporter.
 63744 | Elf:2    | Found a runed translucent gate.
 63744 | Elf:2    | Found a runed translucent gate.
 63744 | Elf:2    | Found a runed translucent gate.
 64055 | Elf:3    | Entered Level 3 of the Elven Halls
 64067 | Elf:3    | Found Nontyop's Antique Armour Shop.
 64089 | Elf:3    | Bought a glimmering scale mail for 315 gold pieces
 64089 | Elf:3    | Identified the +2 scale mail of the Quick Ikuchi {Dex+3}
                  | (You bought it in a shop on level 3 of the Elven Halls)
 64276 | Elf:3    | Paralysed by an air elemental for 1 turns
 64660 | Elf:3    | Identified the ring of Qamao {rN+ Will+ rCorr MP+9 Str+6}
 64794 | Elf:3    | Identified the +1 robe of Inquiry {rC++ Stlth+}
 64794 | Elf:3    | Identified the ring of Sifieqy {*Slow Fly rElec rF+}
 64858 | Elf:3    | Identified the +5 dagger of Qenolan {freeze, +Blink Int+2}
 64863 | Elf:3    | Identified the +4 kite shield "Tewnumai" {rPois Str-4
                  | Dex+3} (Okawaru gifted it to you on level 3 of the Elven
                  | Halls)
 64863 | Elf:3    | Received a gift from Okawaru
 64899 | Elf:3    | Upgraded the game from 0.31-a0-355-g57cb03d3e8 to
                  | 0.31-a0-360-gb3e1d13bf4
 65227 | Elf:3    | Found the +6 arbalest "Damnation" {damnation}
 65238 | Elf:3    | Identified the staff "Dragonslayer" {rN+ rCorr Necro}
 65263 | Elf:3    | Identified the +6 mace "Matepn" {heavy, SInv}
 65264 | Elf:3    | Identified the +3 whip "Hinug" {freeze, *Corrode Fly rPois
                  | Will++}
 65265 | Elf:3    | Identified the staff of Duty {rF+ rC++ Fire}
 65680 | Crypt:1  | Entered Level 1 of the Crypt
 65964 | Crypt:1  | Identified the ring of Ebbuk {Ice Fly Will- Stlth+}
 65964 | Crypt:1  | Noticed Josephina
 66001 | Crypt:1  | Killed Josephina
 66024 | Crypt:1  | Reached XP level 24. HP: 192/192 MP: 35/44
 66024 | Crypt:1  | Paralysed by a Zot trap for 3 turns
 66728 | Crypt:1  | Noticed an ancient lich
 66735 | Crypt:1  | Killed an ancient lich
 67354 | Crypt:2  | Received a gift from Okawaru
 68054 | Crypt:3  | Entered Level 3 of the Crypt
 68204 | Crypt:3  | Found a magical portal.
 68217 | WizLab   | Entered Zonguldrok's Shrine
 68631 | WizLab   | Noticed an antique lich
 68634 | WizLab   | Killed an antique lich
 68656 | WizLab   | Found the +9 sword of Zonguldrok {reap}
 69623 | Crypt:3  | Noticed a royal mummy
 69650 | Crypt:3  | Killed a royal mummy
 69729 | Crypt:3  | Identified the +0 cloak of Ashryonaor {Fly rF+ Will- Str+8}
 70717 | Crypt:3  | Found a staircase to the Tomb.
 70984 | Crypt:3  | Identified the +1 robe of Cocytus {Str+4}
 71135 | Crypt:3  | Got the Commentary on the Welkin and the Impact
 71140 | Crypt:3  | Got the Octavo of the Old and Reckless
 71371 | Crypt:3  | Identified the +2 robe "Sejer" {rC+ Int+2}
 71829 | Slime:1  | Entered Level 1 of the Pits of Slime
 71835 | Slime:1  | Identified the +7 quarterstaff of Ethics {venom, rF++ rC+
                  | Int+3} (Okawaru gifted it to you on level 1 of the Pits of
                  | Slime)
 71835 | Slime:1  | Received a gift from Okawaru
 71864 | Slime:1  | Reached XP level 25. HP: 201/201 MP: 2/44
 74590 | Slime:5  | Entered Level 5 of the Pits of Slime
 74933 | Slime:5  | Identified the +0 helmet of Chimes {rElec Slay+6} (Okawaru
                  | gifted it to you on level 5 of the Pits of Slime)
 74933 | Slime:5  | Received a gift from Okawaru
 75240 | Slime:5  | Found a viscous altar of Jiyva.
 75240 | Slime:5  | Found the +4 consecrated labrys {holy, Valiant Fragile Fly
                  | SInv}
 75317 | Slime:5  | Noticed the Royal Jelly
 75324 | Slime:5  | Killed the Royal Jelly
 75431 | Slime:5  | Identified the +0 chain mail "Xyesix" {rC+}
 75438 | Slime:5  | Got a slimy rune of Zot
 75504 | Slime:5  | Identified the amulet "Maima" {Acrobat Rampage rC- Str+8
                  | Int-5}
 75512 | Slime:5  | Got Pelued's Directory of Conduction and Nausea
 75518 | Slime:5  | Identified the ring "Lupnyaw" {*Corrode rF+ Will- Int+6
                  | Dex+4 Slay+5}
 76109 | Lair:5   | Upgraded the game from 0.31-a0-360-gb3e1d13bf4 to
                  | 0.31-a0-364-gb59cdcccf2
 76473 | Zot:1    | Entered Level 1 of the Realm of Zot
 76569 | Zot:1    | Noticed a Killer Klown
 76573 | Zot:1    | Noticed a Killer Klown
 77435 | Zot:1    | Reached skill level 15 in Conjurations
 77435 | Zot:1    | Reached skill level 15 in Hexes
 77435 | Zot:1    | Reached skill level 15 in Summonings
 77435 | Zot:1    | Reached skill level 15 in Necromancy
 77435 | Zot:1    | Reached skill level 15 in Translocations
 77435 | Zot:1    | Reached skill level 15 in Transmutations
 77435 | Zot:1    | Reached skill level 15 in Fire Magic
 77435 | Zot:1    | Reached skill level 15 in Air Magic
 77435 | Zot:1    | Reached skill level 15 in Earth Magic
 77435 | Zot:1    | Reached skill level 15 in Poison Magic
 77435 | Zot:1    | Reached skill level 15 in Shapeshifting
 77547 | Zot:1    | Found a transporter.
 77587 | Zot:1    | Noticed qborf's ghost (veteran TrSh)
 77802 | Zot:1    | Found a transporter.
 77809 | Zot:1    | Noticed a Killer Klown
 77936 | Zot:1    | Noticed a dread lich
 78310 | Zot:2    | Reached XP level 26. HP: 209/209 MP: 45/45
 78454 | Zot:2    | Noticed an orb of fire
 78749 | Zot:2    | Killed an orb of fire
 79494 | Zot:2    | Identified the +3 steam dragon scales of Xageb {Regen+
                  | Int-5 Dex+2} (Okawaru gifted it to you on level 2 of the
                  | Realm of Zot)
 79494 | Zot:2    | Received a gift from Okawaru
 80301 | Zot:3    | Noticed Vv
 80534 | Zot:3    | Killed Vv
 83201 | Zot:4    | Upgraded the game from 0.31-a0-364-gb59cdcccf2 to
                  | 0.31-a0-466-g98c9adc2b6
 84014 | Elf:2    | Received a gift from Okawaru
 84774 | Zot:5    | Entered Level 5 of the Realm of Zot
 84865 | Zot:5    | Identified the scarf of Indemnity {+Inv, rF+ Dex+3}
                  | (Okawaru gifted it to you on level 5 of the Realm of Zot)
 84865 | Zot:5    | Received a gift from Okawaru
 85631 | Zot:5    | Noticed an ancient lich
 86009 | Zot:5    | Noticed an orb of fire
 86057 | Zot:5    | Noticed a dread lich
 86148 | Zot:5    | Reached XP level 27. HP: 219/219 MP: 29/45
 86199 | Zot:5    | Gained mutation: Your muscles are strong. (Str +4, Int/Dex
                  | -1) [an orb of fire]
 86205 | Zot:5    | Gained mutation: Your body sometimes deteriorates upon
                  | taking damage. [an orb of fire]
 86210 | Zot:5    | Gained mutation: Potions are less effective at restoring
                  | your health. [an orb of fire]
 86213 | Zot:5    | Killed an orb of fire
 86349 | Zot:5    | Noticed a dread lich
 86357 | Zot:5    | Killed a dread lich
 86438 | Zot:5    | Noticed an orb of fire
 86485 | Zot:5    | Killed an orb of fire
 86711 | Zot:5    | Killed a dread lich
 87091 | Zot:5    | Killed an ancient lich
 87449 | Zot:5    | Received a gift from Okawaru
 87640 | Zot:5    | Noticed an orb of fire
 87649 | Zot:5    | Killed an orb of fire
 87656 | Zot:5    | Noticed an orb of fire
 87660 | Zot:5    | Gained mutation: You are clumsy. (Dex -2) [an orb of fire]
 87662 | Zot:5    | Gained mutation: You occasionally lose the ability to drink
                  | potions when taking damage. [an orb of fire]
 87669 | Zot:5    | Gained mutation: You are somewhat resistant to further
                  | mutation. [an orb of fire]
 87674 | Zot:5    | Killed an orb of fire
 88211 | Zot:5    | Noticed a dread lich
 88216 | Zot:5    | Killed a dread lich
 88316 | Zot:5    | Got the Orb of Zot
 88336 | Zot:5    | Noticed Odaecza the pandemonium lord
 88342 | Zot:5    | Killed Odaecza the pandemonium lord
 88725 | Depths:2 | Noticed Nuseinef the pandemonium lord
 89268 | D:$      | Escaped with the Orb!

Illustrated notes

Levels and vault maps discovered:
D:1:      evilmike_arrival_crescent, layout_basic
D:2:      layout_basic, basic_altar, kennysheep_generic_room_13
D:3:      minmay_spotlight, layout_basic, nicolae_tso_swordbearing_angel,
          basic_ecumenical_altar
D:4:      layout_cave_pools, mainiacjoe_overflow_chevrons,
          minmay_temple_entry_drinking_statues, serial_shops, shop_fountains,
          minmay_strange_pillars, minmay_lizard_king, uniq_blork_the_orc,
          uniq_pikel
D:5:      layout_loops_cross, nicolae_uskayaw_dance_hall, uniq_grinder
D:6:      layout_cave_pools, mainiacjoe_overflow_brackets,
          nicolae_wu_jian_immortal_techniques, nicolae_stop_n_shop_1,
          hangedman_abyss_or_decor_passed, nicolae_nh_ransacked_shop,
          uniq_sigmund, uniq_edmund
D:7:      layout_basic
D:8:      layout_loops_corners, ebering_ghost_disaster_area
D:9:      layout_roguey, gammafunk_temple_overflow_statue, minmay_librarian
D:10:     layout_rooms, dpeg_lair_monsters, st_stairs_9, uniq_harold
D:11:     layout_irregular_city, uniq_snorg
D:12:     layout_grid_maze, kennysheep_orc_monster_closet_entryway,
          serial_shops, nicolae_stop_n_shop_2, uniq_maurice, uniq_erolcha,
          uniq_kirke
D:13:     layout_gridville, ximxim_vaults_locker_room, uniq_lodul
D:14:     layout_stronghold, nicolae_cairo_tiling_large,
          minmay_misc_feat_pillars, lightli_elemental_guards
D:15:     hangedman_depths_entry_try_elsewhere_first, layout_cave_pods,
          grunt_dithmenos_smoke_and_mirrors
Temple:   hellmonk_temple_divided_pantheon
Lair:1:   layout_loops_ring, gammafunk_ghost_split
Lair:2:   layout_loops_ring, nicolae_spider_entry_orb_guardian,
          chequers_serial_rivers_micro_e, chequers_serial_rivers_small_b,
          beast_lair_carwin_2, lemuel_fruit_fields, uniq_gastronok
Lair:3:   layout_cave_pods, elwin_shoals_entry_stream, grunt_megastairs_3
Lair:4:   gammafunk_boulding_lane, layout_cave_pods,
          chequers_serial_rivers_small_3, eino_house_with_fridge
Lair:5:   hellmonk_lair_end_abyssal_woods, layout_misc_corridors,
          dpeg_slime_entry_enclosed, minivault_27,
          chequers_serial_rivers_micro_b, nicolae_quartered_pool_impasse,
          minivault_11, minivault_23, nicolae_lair_lil_pond, lemuel_fruit_tree
Shoals:1: layout_shoals, uniq_frances
Shoals:2: layout_shoals, gammafunk_ghost_tricky_traps
Shoals:3: layout_shoals, nicolae_shoals_this_corrosion
Shoals:4: shoals_end_grunt_garden, layout_shoals, serial_shops,
          nicolae_shop_tiny_statue_garden
Spider:1: layout_spider_delve, drop_trap, nicolae_spider_not_touching_you,
          hangedman_spider_tarantella_strand
Spider:2: layout_spider_delve, gammafunk_ghost_cemetery
Spider:3: layout_spider_delve, beargit_elvish_explorers
Spider:4: spider_rune_water, uniq_nikola, uniq_arachne
Slime:1:  layout_caves
Slime:2:  cheibrodos_slime_lost_civilization_8, layout_caves
Slime:3:  cheibrodos_slime_lost_civilization_9, layout_caves,
          cheibrodos_slime_lost_civilization_5
Slime:4:  layout_caves, nicolae_slime_rock_hall_of_fame
Slime:5:  slime_pit
Orc:1:    layout_diamond_mine, nicolae_volcano_entry_two_sided
Orc:2:    st_orc_open, layout_diamond_mine, nicolae_shop_self_help, uniq_jorgrun
Elf:1:    layout_loops_corners, serial_shops, shop, hangedman_elf_disciples,
          uniq_azrael
Elf:2:    nicolae_elf_blades_splatter_lattice
          [nicolae_blade_entry_hurt_lockers], layout_geoelf_grid,
          gammafunk_ghost_berserking_beasts
Elf:3:    minmay_elf_hall_curves, layout_geoelf_grid, serial_shops, shop,
          grunt_ministairs_5, library_closet
Vaults:1: v_misc_28, nicolae_vaults_surprise_closet,
          nicolae_vaults_offset_grid_hallway_2, nicolae_vaults_specimen_jars,
          nicolae_vaults_little_squares_4, hangedman_vaults_stitches,
          nicolae_vaults_storage_closets_2, hangedman_vaults_restitches,
          nicolae_vaults_sesquioval_fish, nicolae_vaults_tetromino_T_2,
          layout_vaults_chaotic_city
Vaults:2: vaults_room_grid, nicolae_vaults_ellipses_ellipsis, vaults_dpeg_cross,
          nicolae_vaults_little_squares_3, nicolae_vaults_turnstiles,
          dpeg_vaults_monster_row, nicolae_vaults_tetromino_Z_1, st_hourglassy,
          vaults_room_grunt_arrival_ludios, vaults_standard_mumra_x,
          nicolae_vaults_alarming, v_misc_17, layout_vaults_maze_bifur,
          uniq_bai_suzhen
Vaults:3: st_greater_box_1, ontoclasm_vaults_eye, v_pattern_1,
          hangedman_vaults_locks, nicolae_vaults_sesquioval_fish, v_misc_4,
          nicolae_vaults_trapezoid_lopsided_1, nicolae_vaults_shrinking_rooms_2,
          nicolae_vaults_storage_room_glass, vaults_dpeg_ring,
          layout_vaults_big_cross, serial_shops, nicolae_shop_advertising_works
          [nicolae_subvault_shop_adworks], uniq_saint_roka
Vaults:4: nicolae_vaults_weapon_check, v_alt_pattern_1, vaults_mumra_hex,
          v_rooms_3, nicolae_vaults_swerve, v_alt_pattern_6,
          nicolae_vaults_mini_display_case, hangedman_vaults_hat,
          layout_vaults_omnibox, serial_shops, nicolae_shop_window_shopping,
          uniq_mara, uniq_aizul
Crypt:1:  layout_misc_corridors, grunt_crypt_arrival_split, uniq_josephina
Crypt:2:  layout_rooms, amcnicky_mini_rare_corridor_liquid
Crypt:3:  due_elkab, layout_chaotic_city, nicolae_tomb_entry_grand_gallery,
          mu_enter_wizlab_5
Depths:1: layout_twisted_cross, nicolae_hell_entry_hellmouth_sunbeams,
          corexii_hall_statues_t, hangedman_abyss_or_decor_clamps,
          nicolae_elyvilon_peaceful_grove
Depths:2: nicolae_cairo_tiling, layout_basic, grunt_pan_entry_spiral,
          hangedman_geh_valley, serial_shops, shop,
          hangedman_research_pyrotechnics, uniq_asterion
Depths:3: kennysheep_water_balloons, layout_honeycomb, serial_bayou_pond_e,
          pf_coc_iceberg, nicolae_abyss_entry_one_way_or_another,
          kennysheep_random_hallway, minmay_shoptagon, minmay_staircase_statues
Depths:4: grunt_zot_entry_funnels, layout_cave_shapes, enter_ziggurat_c,
          hell_entry, abyss_entry_crystal, rand_demon_pan_entry_4,
          minmay_misc_feat_more_columns, guppyfry_shop_blood
Zot:1:    layout_concentric_octagons, gammafunk_ghost_abyssal_escape
Zot:2:    lemuel_firehouse, layout_concentric_octagons, grunt_ministairs_10
Zot:3:    layout_onion_interference, uniq_vv
Zot:4:    layout_misc_corridors
Zot:5:    layout_gridlike

Skill      XL: |  1  2  3  4  5  6  7  8  9 10 11 12 13 14 15 16 17 18 19 20 21 22 23 24 25 26 27 |
---------------+----------------------------------------------------------------------------------+-----
Spellcasting   | 5 6 7 8 9 10 11 12 13 14 15 16 17 18 19 | 19.3
Invocations    | 1 2 3 4 5 6 7 8 9 10 11 12 13 14 15 16 17 18 19 21 22 23 | 23.2
Fighting       | 1 3 4 5 7 8 9 10 11 12 13 14 15 16 17 18 | 18.8
Short Blades   | 1 3 4 5 7 8 9 10 11 12 13 14 15 16 17 18 | 18.8
Long Blades    | 1 3 4 5 7 8 9 10 11 12 13 14 15 16 17 18 | 18.8
Axes           | 1 3 4 5 7 8 9 10 11 12 13 14 15 16 17 18 | 18.8
Maces & Flails | 1 3 4 5 7 8 9 10 11 12 13 14 15 16 17 18 | 18.8
Polearms       | 1 3 4 5 7 8 9 10 11 12 13 14 15 16 17 18 | 18.8
Staves         | 1 3 4 5 7 8 9 10 11 12 13 14 15 16 17 18 | 18.8
Ranged Weapons | 1 3 4 5 7 8 9 10 11 12 13 14 15 16 17 18 | 18.8
Throwing       | 1 3 4 5 7 8 9 10 11 12 13 14 15 16 17 18 | 18.8
Armour         | 1 3 4 5 7 8 9 10 11 12 13 14 15 16 17 18 | 18.8
Shields        | 1 3 4 5 7 8 9 10 12 13 14 16 17 18 19 20 21 22 23 | 23.8
Unarmed Combat | 1 3 4 5 7 8 9 10 11 12 13 14 15 16 17 18 | 18.8
Evocations     | 1 3 4 5 7 8 9 10 11 12 13 14 15 16 17 18 | 18.8
Conjurations   | 1 2 3 4 5 6 7 8 9 10 11 12 13 14 15 16 | 16.0
Hexes          | 1 2 3 4 5 6 7 8 9 10 11 12 13 14 15 16 | 16.0
Summonings     | 1 2 3 4 5 6 7 8 9 10 11 12 13 14 15 16 | 16.0
Necromancy     | 1 2 3 4 5 6 7 8 9 10 11 12 13 14 15 16 | 16.0
Translocations | 1 2 3 4 5 6 7 8 9 10 11 12 13 14 15 16 | 16.0
Transmutations | 1 2 3 4 5 6 7 8 9 10 11 12 13 14 15 16 | 16.0
Fire Magic     | 1 2 3 4 5 6 7 8 9 10 11 12 13 14 15 16 | 16.0
Air Magic      | 1 2 3 4 5 6 7 8 9 10 11 12 13 14 15 16 | 16.0
Earth Magic    | 1 2 3 4 5 6 7 8 9 10 11 12 13 14 15 16 | 16.0
Poison Magic   | 1 2 3 4 5 6 7 8 9 10 11 12 13 14 15 16 | 16.0
Shapeshifting  | 1 2 3 4 5 6 7 8 9 10 11 12 13 14 15 16 | 16.0
Dodging        | 5 6 7 8 9 10 11 12 13 14 15 16 17 18 19 | 19.2
Stealth        | 5 6 7 8 9 10 11 12 13 14 15 16 17 18 19 | 19.2
Ice Magic      | 8 9 10 11 12 13 14 15 16 17 | 17.3

Action                     |  1- 3 |  4- 6 |  7- 9 | 10-12 | 13-15 | 16-18 | 19-21 | 22-24 | 25-27 || total
---------------------------+-------+-------+-------+-------+-------+-------+-------+-------+-------++-------
  Melee: Unarmed           |     1 |       |       |       |       |       |       |     3 |       ||     4
         Flail             |       |       |       |   156 |   275 |       |       |       |       ||   431
         Bite              |       |       |       |    24 |    75 |    77 |   183 |   103 |   101 ||   563
         Punch             |       |       |       |    14 |    49 |       |       |       |       ||    63
         Trident           |       |       |       |       |   252 |     3 |       |       |       ||   255
         Staff             |       |       |       |       |       |   525 |   763 |   465 |   447 ||  2200
         Double sword      |       |       |       |       |       |       |       |    19 |       ||    19
   Fire: Sling             |    70 |   103 |   277 |    57 |       |       |       |       |       ||   507
   Cast: Freeze            |    18 |    42 |    54 |    47 |    20 |     2 |       |       |       ||   183
         Frozen Ramparts   |       |     5 |    36 |    51 |    90 |   104 |    91 |    36 |    35 ||   448
         Ozocubu's Armour  |       |       |    17 |    29 |    63 |    58 |    51 |    26 |    20 ||   264
         Airstrike         |       |       |       |    67 |   297 |   659 |   435 |   183 |   345 ||  1986
         Borgnjor's Vile C |       |       |       |    28 |   102 |   125 |   175 |   105 |    65 ||   600
         Leda's Unmaking   |       |       |       |       |       |       |    33 |     4 |    62 ||    99
         Plasma Beam       |       |       |       |       |       |       |       |   420 |   351 ||   771
 Invoke: Heroism           |       |       |       |       |     2 |     9 |    13 |     1 |     5 ||    30
         Finesse           |       |       |       |       |       |     2 |     1 |       |     1 ||     4
  Evoke: Wand              |       |       |     3 |     9 |     1 |       |     5 |       |    12 ||    30
         Condenser vane    |       |       |       |       |       |       |     1 |       |     2 ||     3
    Use: Scroll            |       |       |       |       |    30 |     4 |     5 |     3 |       ||    42
         Potion            |       |       |       |       |       |       |     9 |       |       ||     9
   Stab: Paralysed         |       |       |       |     2 |       |       |       |       |       ||     2
         Sleeping          |       |       |       |     2 |     7 |       |     3 |       |       ||    12
         Distracted        |       |       |       |       |     3 |       |       |     2 |       ||     5
 Armour: Robe              |     6 |    11 |    53 |    96 |   200 |       |       |       |       ||   366
         Leather armour    |       |       |       |       |    41 |    89 |       |       |       ||   130
         Ring mail         |       |       |       |       |       |   189 |   234 |   149 |   231 ||   803
  Dodge: Dodged            |    26 |    59 |   122 |   224 |   402 |   424 |   359 |   224 |   377 ||  2217
  Block: Kite shield       |       |       |       |       |       |   687 |   614 |   356 |   521 ||  2178

Table legend: (Time is in decaauts)
 A = Elapsed time spent in this place.
 B = Non-inter-level travel time spent in this place.
 C = Inter-level travel time spent in this place.
 D = Time resting spent in this place.
 E = Time spent auto-exploring this place.
 F = Levels seen in this place.
 G = Mean time per level.
                   A        B        C        D        E       F      G
               +--------+--------+--------+--------+--------+-----+--------+
         Total |  89104 |  81034 |   8070 |   8375 |  58052 |  57 | 1563.2 |
       Dungeon |  21524 |  19059 |   2465 |    744 |  15331 |  15 | 1434.9 |
        Temple |     48 |     48 |      0 |      0 |      0 |   1 |   48.0 |
          Lair |   8074 |   7152 |    922 |    358 |   5565 |   5 | 1614.8 |
        Shoals |   5245 |   5025 |    220 |    376 |   3773 |   4 | 1311.2 |
   Spider Nest |   8277 |   7739 |    538 |   1619 |   4885 |   4 | 2069.2 |
    Slime Pits |   4188 |   3743 |    445 |    896 |   2190 |   5 |  837.6 |
  Orcish Mines |   1862 |   1549 |    313 |      5 |   1027 |   2 |  931.0 |
   Elven Halls |   4298 |   3910 |    388 |    190 |   2971 |   3 | 1432.7 |
        Vaults |  10760 |   9880 |    880 |   1775 |   6057 |   4 | 2690.0 |
         Crypt |   5383 |   4970 |    413 |    164 |   3778 |   3 | 1794.3 |
        Depths |   8449 |   7657 |    792 |   1339 |   5061 |   4 | 2112.2 |
           Zot |   9656 |   8967 |    689 |    891 |   6467 |   5 | 1931.2 |
       Volcano |    768 |    768 |      0 |      0 |    622 |   1 |  768.0 |
        Wizlab |    566 |    566 |      0 |     17 |    324 |   1 |  566.0 |
               +--------+--------+--------+--------+--------+-----+--------+

Top non-repeatable levels by time:
   Zot:5: 3722 daAuts
Vaults:3: 3597 daAuts
Spider:3: 3498 daAuts
Depths:3: 2898 daAuts
 Crypt:3: 2874 daAuts
Vaults:2: 2679 daAuts
    D:10: 2597 daAuts
Vaults:4: 2350 daAuts
   Zot:2: 2257 daAuts
Depths:4: 2245 daAuts
  Lair:5: 2231 daAuts
Vaults:1: 2133 daAuts
    D:13: 1954 daAuts
Spider:4: 1920 daAuts
    D:12: 1915 daAuts
